Map: Defender's Landing LE

Players

BsB

  • Race: Terran Terran
  • Spawn Location: 7:00

Argoal - Winner!

  • Race: Protoss Protoss
  • League: Silver
  • Spawn Location: 1:00

VOD

Have the link to the VOD?

Description

Time

  • Played on: May 14, 2017, 7:15 a.m.
  • Length: 16:13
Show
View Real Time Build Order
Export as new Build Order

BsB Terran 

Build Orders:  

Get SALT Encoding   

  12  0:01  SCV  
  13  0:13  SCV  
  14  0:18  Supply Depot  
  14  0:25  SCV  
  15  0:39  SCV  
  15  0:41  Barracks  
  16  0:51  Refinery  
  16  0:52  SCV  
  17  1:04  SCV  
  18  1:16  SCV  
  19  1:28  SCV  
  19  1:32  Command Center  
  20  1:42  Orbital Command  
  20  2:09  SCV  
  20  2:10  Barracks Reactor  
  21  2:21  SCV  
  22  2:29  Supply Depot  
  22  2:33  SCV  
  23  2:45  SCV  
  23  2:46  SCV  
  25  2:56  Barracks  
  25  2:58  SCV  
  26  3:00  Factory  
  26  3:02  SCV  
  27  3:10  Orbital Command  
  27  3:12  Marine x2  
  29  3:28  SCV  
  30  3:34  Refinery  
  30  3:37  SCV  
  30  3:40  SCV  
  32  3:49  SCV  
  32  3:52  SCV  
  32  3:53  Factory Reactor  
  34  3:57  Barracks Tech Lab  
  34  3:58  Marine x2  
  34  3:59  Starport  
  34  4:02  SCV  
  35  4:04  SCV  
  30  4:14  SCV  
  30  4:16  Marine x2  
  28  4:26  SCV  
  28  4:31  Marine, Stimpack  
  29  4:34  Marine  
  29  4:38  SCV  
  32  4:44  SCV  
  33  4:49  Marine  
  33  4:51  SCV  
  35  4:56  SCV  
  36  5:03  SCV  
  36  5:04  Medivac  
  37  5:09  SCV  
  38  5:16  SCV  
  38  5:18  Refinery  
  38  5:21  SCV  
  40  5:24  Marine  
  40  5:26  Marine x2  
  40  5:28  SCV  
  44  5:30  Medivac  
  46  5:37  Supply Depot  
  46  5:47  Supply Depot  
  46  5:58  Marine x3, SCV x2  
  46  6:00  Supply Depot  
  46  6:02  Medivac  
  53  6:08  Medivac  
  53  6:10  Supply Depot, SCV x2  
  57  6:16  Marine x3  
  60  6:23  SCV x2  
  62  6:32  Medivac  
  64  6:33  Supply Depot  
  64  6:34  Marine x3  
  64  6:35  SCV  
  64  6:37  SCV  
  64  6:38  Medivac  
  71  6:47  SCV  
  71  6:49  SCV  
  71  6:51  Marine x3  
  69  6:57  Supply Depot  
  69  6:59  SCV  
  70  7:09  Marine x2  
  70  7:11  Barracks, SCV  
  73  7:16  Medivac x2  
  73  7:17  Marine  
  73  7:19  Supply Depot  
  78  7:23  SCV  
  78  7:27  Marine x2  
  81  7:34  Marine  
  82  7:44  Supply Depot  
  82  7:45  Marine x2, SCV x2  
  82  7:46  Medivac x2  
  90  7:52  Marine  
  90  7:57  SCV  
  90  7:58  SCV, Command Center  
  93  7:59  Barracks  
  93  8:03  Marine  
  94  8:16  Marine  
  94  8:19  Marine  
  95  8:21  Marine  
  95  8:26  Barracks Reactor  
  87  8:29  Viking  
  82  8:34  Marine  
  82  8:37  Marine  
  82  8:38  Marine  
  83  8:43  SCV  
  83  8:47  Barracks  
  84  8:54  SCV  
  84  8:55  SCV  
  86  9:05  Marine x2  
  86  9:07  SCV x2  
  86  9:09  Marine x3  
  93  9:10  Marine  
  94  9:19  SCV x2, Medivac  
  94  9:20  Medivac  
  94  9:22  Marine  
  94  9:23  Marine  
  102  9:27  Marine x3  
  102  9:28  Marine  
  102  9:31  SCV  
  107  9:40  Marine  
  107  9:41  Marine  
  107  9:43  SCV  
  110  9:45  Marine  
  111  9:52  Marine  
  111  9:53  Marine x3  
  111  9:57  SCV  
  111  9:58  Marine  
  111  9:59  Marine  
  118  10:03  Marine  
  119  10:09  SCV  
  119  10:10  Marine x2  
  119  10:11  Marine x2  
  124  10:16  Marine  
  124  10:17  Marine  
  104  10:21  Marine, SCV  
  104  10:22  SCV x2  
  104  10:28  Marine x4  
  100  10:34  Marine, SCV x2  
  100  10:35  Marine  
  105  10:57  SCV  
  105  11:00  SCV  
  107  11:10  SCV  
  108  11:12  SCV  
  106  11:22  SCV  
  106  11:23  Marine x6  
  106  11:24  Marine  
  114  11:41  Reaper, Marine x2  
  117  11:52  Engineering Bay  
  117  11:54  Engineering Bay, Combat Shields  
  117  11:55  Marine  
  117  11:57  Marine x3  
  117  11:58  Marine  
  117  11:59  Marine  
  123  12:01  Medivac  
  125  12:12  Supply Depot  
  125  12:19  Supply Depot  
  125  12:20  Marine  
  125  12:21  Marine  
  125  12:22  Marine  
  125  12:23  Marine  
  125  12:25  Marine  
  125  12:29  Marine x2  
  125  12:33  Medivac  
  125  12:36  Supply Depot  
  121  12:38  Marine  
  121  12:40  Marine  
  121  12:41  Supply Depot  
  124  12:44  SCV  
  124  12:47  Marine  
  125  12:56  Marauder, SCV  
  128  12:59  Supply Depot  
  128  13:03  Supply Depot  
  129  13:05  SCV  
  129  13:12  Marine x2  
  131  13:13  Marine x4  
  131  13:17  SCV  
  131  13:18  Marauder  
  138  13:25  Supply Depot  
  138  13:29  SCV  
  138  13:30  Terran Infantry Armor Level 1, Terran Infantry Weapons Level 1, Marine x2  
  138  13:31  Marine x4  
  145  13:35  Engineering Bay  
  145  13:39  Marauder  
  147  13:42  SCV  
  147  13:47  Marine, SCV  
  150  13:54  SCV  
  151  13:59  SCV  
  151  14:01  Marauder  
  154  14:06  SCV  
  155  14:11  SCV  
  155  14:12  Missile Turret  
  155  14:14  Missile Turret  
  155  14:16  Missile Turret  
  156  14:18  SCV, Missile Turret  
  156  14:22  Marauder  
  156  14:24  Missile Turret  
  159  14:45  Marine x3  
  159  14:46  Marauder, Marine x2  
  159  14:47  Marine  
  167  15:03  Marine x3  
  167  15:04  Marine x3  
  173  15:08  Marauder  
  175  15:21  Marine x3  
  124  15:22  Marine x3  
  86  15:29  Marauder  
  80  15:39  Marine x3  
  76  15:50  Marine  
  76  15:51  Marauder, Marine x2  
Show
View Real Time Build Order
Export as new Build Order

Argoal Protoss - Winner!

Build Orders: Oracle Opening 

Get SALT Encoding   

  12  0:01  Probe (Chrono Boost)  
  13  0:11  Probe (Chrono Boost)  
  14  0:19  Pylon  
  14  0:22  Probe (Chrono Boost)  
  15  0:38  Probe (Chrono Boost)  
  15  0:41  Gateway  
  16  0:48  Probe (Chrono Boost)  
  17  0:50  Assimilator  
  17  0:55  Assimilator  
  17  0:59  Probe (Chrono Boost)  
  18  1:09  Probe (Chrono Boost)  
  19  1:16  Pylon  
  19  1:22  Probe (Chrono Boost)  
  20  1:30  Cybernetics Core  
  20  1:39  Gateway, Probe (Chrono Boost)  
  21  1:55  Forge  
  21  2:07  Mothership Core (Chrono Boost)  
  23  2:17  Stargate  
  23  2:34  Photon Cannon  
  23  2:39  Photon Cannon  
  23  2:48  Pylon  
  23  2:57  Oracle  
  23  3:02  Adept  
  28  3:06  Adept  
  30  3:19  Twilight Council  
  30  3:29  Adept  
  32  3:48  Void Ray  
  32  3:49  Photon Cannon  
  36  4:29  Adept  
  38  4:45  Nexus  
  38  4:51  Pylon  
  38  4:54  Pylon  
  38  5:09  Adept  
  40  5:16  Adept  
  42  5:28  Templar Archives  
  42  5:36  Adept  
  44  5:58  Gateway  
  44  6:04  Pylon  
  44  6:05  Pylon  
  44  6:09  Pylon  
  44  6:12  Probe (Chrono Boost), Pylon  
  44  6:13  Probe (Chrono Boost)  
  44  6:14  Psionic Storm  
  46  6:22  Probe (Chrono Boost)  
  48  6:25  Probe (Chrono Boost)  
  48  6:52  Adept  
  48  6:53  Adept  
  52  7:12  Photon Cannon  
  52  7:16  Photon Cannon  
  52  7:19  Probe (Chrono Boost)  
  52  7:20  Adept  
  52  7:21  Probe (Chrono Boost)  
  56  7:28  Photon Cannon  
  56  7:49  Photon Cannon  
  56  7:53  Photon Cannon  
  56  7:56  Photon Cannon  
  56  8:00  Photon Cannon  
  56  8:02  Photon Cannon  
  56  8:03  Probe (Chrono Boost)  
  57  8:42  High Templar x2  
  57  8:44  Void Ray  
  57  8:46  Charge  
  65  8:51  Robotics Facility  
  65  8:55  Probe (Chrono Boost)  
  67  8:56  Probe (Chrono Boost)  
  67  9:05  Adept  
  69  9:21  Adept  
  71  9:32  Nexus  
  71  9:42  Observer  
  72  9:46  Zealot  
  74  9:57  Pylon  
  74  10:00  Pylon  
  74  10:03  Pylon, Immortal  
  74  10:04  Adept  
  74  10:06  Adept  
  82  10:13  Resonating Glaives, Zealot  
  67  10:41  Probe (Chrono Boost)  
  67  10:42  Probe (Chrono Boost)  
  69  10:43  Zealot x2, High Templar  
  69  10:45  Immortal  
  79  10:54  Probe x2 (Chrono Boost)  
  79  10:55  Probe (Chrono Boost)  
  82  11:08  Fleet Beacon  
  82  11:10  High Templar  
  84  11:27  Zealot, High Templar  
  88  11:41  Photon Cannon  
  88  11:43  Photon Cannon  
  88  11:48  Photon Cannon  
  88  11:49  Photon Cannon, Adept  
  90  12:02  Assimilator  
  90  12:04  Assimilator, Zealot  
  90  12:06  Zealot  
  94  12:10  Assimilator  
  94  12:15  Assimilator  
  94  12:16  Zealot  
  96  12:31  Zealot  
  98  12:47  Carrier  
  98  12:50  Adept, Zealot  
  102  12:52  Immortal  
  112  13:00  Probe x2 (Chrono Boost)  
  112  13:01  Probe (Chrono Boost)  
  115  13:11  Probe (Chrono Boost)  
  117  13:14  Probe (Chrono Boost)  
  123  13:59  Stargate  
  123  14:01  Pylon  
  123  14:04  Pylon  
  123  14:05  Photon Cannon  
  123  14:19  Photon Cannon  
  123  14:21  Observer  
  124  14:25  Void Ray  
  128  14:35  Graviton Catapult  
  128  14:42  Observer  
  126  14:49  Void Ray  
  130  14:53  Zealot x2  
  130  14:54  Adept  
Tags
 
Add a new tag
Caveats
  • Supply blocks, unpowered buildings, or Contaminate may cause inaccurate times.
  • Supply counts are checked every 10 seconds.